 Dungeon Crawl Stone Soup version 0.28.0 (webtiles) character file.

Game seed: 16682015290509842004

384 jfcaron the Caller (level 6, -1/41 HPs)
             Began as a Barachi Summoner on Feb 12, 2022.
             Slain by an ogre (29 damage)
             ... on level 5 of the Dungeon.
             The game lasted 00:11:30 (5056 turns).

jfcaron the Caller (Barachi Summoner)               Turns: 5056, Time: 00:11:30

Health: -1/41      AC:  4    Str:  9    XL:     6   Next: 77%
Magic:  6/12       EV: 11    Int: 18    God:
Gold:   173        SH:  5    Dex: 18    Spells: 4/13 levels left

rFire   . . .      SeeInvis .   m - +1 spear
rCold   . . .      Faith    .   i - +0 buckler
rNeg    . . .      Spirit   .   e - +0 leather armour
rPois   .          Reflect  .   (no helmet)
rElec   .          Harm     .   l - +0 cloak
rCorr   .          Rampage  .   (no gloves)
Will    .....                   (no boots)
Stlth   ++........              (no amulet)
HPRegen 0.13/turn               j - +6 ring of dexterity
MPRegen 0.13/turn               (no ring)

@: unable to hop, slow
A: amphibious, slowness 1, strong legs 1, +LOS
a: Hop


You were on level 5 of the Dungeon.
You visited 1 branch of the dungeon, and saw 5 of its levels.

You collected 173 gold pieces.

Inventory:

Hand Weapons
 k - a +0 hunting sling
 m - a +1 spear (weapon)
 x - a +0 whip of freezing
Missiles
 g - 45 arrows
 h - 121 stones
 o - a poisoned dart (quivered)
 t - 33 bolts
Armour
 e - a +0 leather armour (worn)
 i - a +0 buckler (worn)
 l - a +0 cloak (worn)
 n - a scarf of invisibility
Jewellery
 j - a +6 ring of dexterity (left hand)
Scrolls
 c - a scroll of fog
Potions
 a - a potion of might {unknown}
 b - 2 potions of mutation
 d - a potion of lignification {unknown}
 f - a potion of haste {unknown}
 q - a potion of invisibility {unknown}
 r - 2 potions of brilliance {unknown}
 s - 2 potions of attraction {unknown}
 w - 2 potions of degeneration {unknown}


   Skills:
 - Level 2.1 Dodging
 - Level 1.7 Stealth
 + Level 3.2 Shields
 - Level 4.0 Spellcasting
 * Level 7.6 Summonings


You had 4 spell levels left.
You knew the following spells:

 Your Spells              Type           Power      Damage    Failure   Level
a - Summon Small Mammal   Summ           100%       N/A       1%          1
b - Call Imp              Summ           30%        N/A       1%          2
c - Call Canine Familiar  Summ           30%        N/A       3%          3
d - Summon Guardian Gole  Hex/Summ       17%        N/A       17%         3

Your spell library contained the following spells:

 Spells                   Type           Power      Damage    Failure   Level
 Scorch                   Fire           6%         2d5       38%         2
 Summon Lightning Spire   Summ/Air       17%        N/A       50%         4
 Portal Projectile        Hex/Tloc       6%         N/A       63%         3
 Flame Wave               Conj/Fire      3%         2d4       95%         4
 Leda's Liquefaction      Hex/Erth       1%         N/A       95%         4
 Summon Cactus Giant      Summ           15%        N/A       88%         6


Dungeon Overview and Level Annotations

Branches:
Dungeon (5/15)
 Temple: D:4-7

Altars:
Kikubaaqudgha
Ru


Innate Abilities, Weirdness & Mutations

You are amphibious.
You cover ground slowly.
You can hop short distances.
You have an extended range of vision and can be seen from far away.


Message History

Okay, then.
Okay, then.
o - a poisoned dart You see here a +0 club.
There is a stone staircase leading up here.
You start resting.
Your hound looks more healthy.
Magic restored.
Your hound disappears in a puff of smoke!
You start resting.
Your white imp disappears in a puff of smoke!
HP restored.
o - 4 poisoned darts (gained 3)
You now have 158 gold pieces (gained 12).
d - a sedimented pink potion You now have 173 gold pieces (gained 15).
You throw a poisoned dart. The poisoned dart hits the ogre.
The ogre is poisoned.
You throw a poisoned dart.
The poisoned dart barely misses the ogre.
You throw a poisoned dart.
The poisoned dart barely misses the ogre.
You reach to attack!
You hit the ogre.
The ogre is moderately wounded.
The ogre looks more healthy.
The ogre hits you with a +0 giant club!
Hop to where?
Press: ? - help, Dir - move target, p - ogre Boing!
Unknown command.
Casting: Call Imp (safe; 1% risk of failure)
Confirm with . or Enter, or press ? or * to list all spells.
The spell is quite dangerous to miscast (17% risk of failure)!
Continue anyway?
A guardian golem appears, shielding your allies.
Casting: Summon Guardian Golem (quite dangerous; 17% risk of failure)
Confirm with . or Enter, or press ? or * to list all spells.
Your hound bites the ogre.
The ogre hits you with a +0 giant club!!
Ouch! That really hurt!
You die...

### #.. #.# #.# #.#
######.######
#.........h.######
#.##....9O.......#
.######.##..#.##@......#
......((##.[...#.......#
.(.(((()...)..<........#
........###...##.......#
.(.####................#
.# #####............#
##.########### . #.# .
#.#


You could see an ogre (ally target), a friendly guardian golem (summoned) and a
friendly hound (summoned, sheltered).

Vanquished Creatures
  A black bear (D:3)
  A gnoll shaman (D:5)
  A jelly (D:4)
  11 gnolls
  6 adders
  An adder skeleton (D:4)
  A worm (D:2)
  A dart slug (D:2)
  5 ball pythons
  4 endoplasms
  2 giant cockroaches
  9 goblins
  4 hobgoblins
  6 jackals
  5 kobolds
  4 quokkas
  2 bats
  A frilled lizard (D:1)
  8 rats
73 creatures vanquished.

Notes
Turn   | Place    | Note
-------+----------+-------------------------------------------
     0 | D:1      | jfcaron the Barachi Summoner began the quest for the Orb.
     0 | D:1      | Reached XP level 1. HP: 13/13 MP: 3/3
   538 | D:1      | Reached skill level 5 in Summonings
   539 | D:1      | Reached XP level 2. HP: 7/19 MP: 1/5
   547 | D:1      | Learned a level 2 spell: Call Imp
  1737 | D:2      | Reached XP level 3. HP: 24/24 MP: 3/6
  1840 | D:2      | Reached skill level 1 in Shields
  1857 | D:2      | Reached XP level 4. HP: 27/30 MP: 5/8
  1887 | D:2      | Learned a level 3 spell: Call Canine Familiar
  2155 | D:2      | Found an ancient bone altar of Kikubaaqudgha.
  2263 | D:2      | Reached skill level 6 in Summonings
  2300 | D:2      | Found a faded altar of an unknown god.
  2881 | D:3      | Learned a level 3 spell: Summon Guardian Golem
  2939 | D:3      | Found a sacrificial altar of Ru.
  3276 | D:3      | Noticed a black bear
  3282 | D:3      | Killed a black bear
  3283 | D:3      | Reached XP level 5. HP: 35/35 MP: 6/10
  3563 | D:4      | Identified a scroll of acquirement
  3563 | D:4      | Acquired a book of Scorching
  3831 | D:4      | Reached skill level 7 in Summonings
  3831 | D:4      | Reached XP level 6. HP: 41/41 MP: 5/11
  4545 | D:5      | Entered Level 5 of the Dungeon
  4685 | D:5      | Noticed an ice beast
  5056 | D:5      | Slain by an ogre

Illustrated notes

Levels and vault maps discovered:
D:1:      shiori_shiawase, layout_loops_corners, minmay_misc_feat_plants
D:2:      layout_basic, shapermc_ecumenical_altar_mp_ritualfount, basic_altar
D:3:      layout_loops_ring, lemuel_tele_altar
D:4:      layout_cave_pods
D:5:      layout_loops_cross, serial_shops, shop_statue

Skill      XL: |  1  2  3  4  5  6 |
---------------+-------------------+-----
Summonings     | 5 6 7 |  7.6
Shields        | 1 2 3 |  3.2
Spellcasting   | 3 4 |  4.0
Dodging        | |  2.1
Stealth        | |  1.7

Action                   |  1- 3 |  4- 6 || total
-------------------------+-------+-------++-------
Melee: Hand axe          |    50 |     3 ||    53
       Spear             |       |   109 ||   109
Throw: Dart              |       |     9 ||     9
       Stone             |       |     6 ||     6
 Cast: Summon Small Mamm |    22 |    19 ||    41
       Call Imp          |     3 |     9 ||    12
       Call Canine Famil |       |    14 ||    14
       Summon Guardian G |       |     1 ||     1
 Abil: Hop               |       |     1 ||     1
  Use: Scroll            |       |    10 ||    10
 Stab: Sleeping          |     3 |     6 ||     9
       Distracted        |       |     2 ||     2
Armor: Robe              |    13 |       ||    13
       Leather armour    |    13 |    19 ||    32
Dodge: Dodged            |    42 |    53 ||    95
Block: Buckler           |     9 |    21 ||    30
